Map: Blueshift LE

Players

Ragnar

  • Race: Protoss Protoss
  • League: Silver
  • Spawn Location: 1:00

Smileblind - Winner!

  • Race: Protoss Protoss
  • League: Silver
  • Spawn Location: 7:00

VOD

Have the link to the VOD?

Description

Time

  • Played on: Jan. 16, 2019, 7:53 p.m.
  • Length: 26:55
Show
View Real Time Build Order
Export as new Build Order

Ragnar Protoss 

Build Orders: Double Forge 

Get SALT Encoding   

  12  0:01  Probe  
  13  0:13  Probe  
  14  0:26  Pylon  
  14  0:28  Probe  
  15  0:37  Assimilator  
  15  0:40  Probe  
  15  0:49  Gateway  
  16  0:51  Probe  
  17  1:21  Probe  
  18  1:29  Probe  
  18  1:39  Probe  
  20  1:51  Probe  
  21  2:03  Probe  
  22  2:28  Assimilator  
  23  2:37  Probe  
  23  2:45  Pylon  
  23  2:47  Pylon  
  23  2:59  Probe  
  23  3:03  Zealot  
  26  3:08  Cybernetics Core  
  26  3:16  Gateway  
  26  3:29  Pylon  
  28  3:46  Adept, Pylon  
  28  3:59  Warp Gate  
  28  4:03  Forge  
  28  4:08  Forge  
  28  4:12  Pylon  
  28  4:13  Adept  
  30  4:17  Stargate x2  
  28  4:33  Pylon  
  28  4:42  Nexus  
  28  5:00  Pylon  
  31  5:08  Oracle  
  31  5:09  Oracle  
  34  5:18  Pylon  
  34  5:32  Pylon  
  34  5:40  Photon Cannon  
  34  5:43  Photon Cannon  
  34  5:58  Probe  
  34  5:59  Stalker  
  34  6:00  Stalker  
  39  6:07  Probe  
  34  6:49  Stalker  
  34  6:50  Stalker  
  38  6:56  Robotics Facility, Probe  
  38  7:00  Robotics Facility  
  39  7:04  Probe  
  39  7:14  Probe  
  38  7:26  Probe  
  38  7:29  Pylon  
  39  7:30  Probe  
  40  7:38  Probe x2  
  42  7:47  Stalker, Probe  
  42  7:48  Stalker  
  42  7:50  Probe  
  48  7:56  Photon Cannon  
  48  7:59  Probe  
  48  8:02  Photon Cannon, Probe  
  50  8:10  Observer  
  50  8:11  Probe  
  52  8:15  Observer  
  53  8:20  Probe  
  54  8:28  Probe  
  54  8:29  Assimilator  
  54  8:34  Assimilator  
  55  8:38  Probe  
  56  8:50  Probe  
  57  9:02  Probe  
  57  9:56  Warp Prism  
  59  10:06  Twilight Council  
  59  10:11  Gateway  
  59  10:12  Gateway  
  59  10:14  Gateway  
  59  10:18  Gateway  
  59  10:21  Protoss Ground Weapons Level 1  
  59  10:22  Protoss Ground Armor Level 1  
  59  10:23  Gateway  
  59  10:25  Gateway  
  59  10:29  Gateway  
  43  11:27  Stalker  
  43  11:28  Stalker x2  
  43  11:29  Stalker  
  43  11:30  Stalker x2  
  43  11:31  Stalker  
  43  11:32  Stalker  
  59  12:04  Stalker  
  59  12:05  Stalker x2  
  59  12:06  Stalker  
  59  12:07  Stalker  
  59  12:08  Stalker  
  71  12:09  Stalker  
  69  12:36  Stalker  
  69  12:37  Stalker x2  
  69  12:38  Stalker  
  69  12:39  Stalker x2  
  69  12:40  Stalker  
  59  13:10  Stalker x2  
  59  13:11  Stalker  
  59  13:12  Stalker x2  
  69  13:13  Stalker x2  
  73  13:21  Observer x2  
  75  13:42  Immortal  
  75  13:43  Immortal  
  83  13:51  Nexus  
  83  13:54  Pylon  
  83  13:55  Pylon  
  83  14:00  Pylon  
  83  14:22  Immortal x2  
  91  14:54  Robotics Bay  
  91  14:57  Sentry  
  91  14:58  Sentry x2  
  91  14:59  Sentry x2  
  101  15:00  Sentry x2  
  101  15:01  Immortal x2  
  113  15:17  Probe  
  114  15:25  Probe  
  114  15:34  Probe  
  115  15:36  Stalker  
  115  15:37  Stalker  
  115  15:38  Stalker x2  
  115  15:39  Stalker x2  
  115  15:40  Stalker, Immortal  
  134  15:46  Probe  
  135  15:55  Assimilator  
  135  15:58  Assimilator  
  135  15:59  Probe  
  136  16:24  Disruptor  
  139  16:35  Pylon  
  139  16:36  Pylon  
  139  16:38  Pylon  
  139  16:39  Pylon  
  139  16:41  Pylon  
  139  16:42  Pylon  
  139  16:43  Pylon, Disruptor  
  88  17:02  Stalker x2  
  88  17:03  Stalker x2  
  88  17:04  Stalker  
  88  17:05  Stalker  
  67  17:36  Stalker  
  69  17:37  Stalker x2  
  69  17:38  Stalker x2  
  69  17:39  Stalker  
  70  17:54  Disruptor  
  73  18:00  Disruptor  
  76  18:13  Stalker  
  76  18:14  Stalker  
  76  18:15  Stalker  
  82  18:30  Disruptor  
  85  18:36  Immortal  
  85  18:39  Nexus  
  89  18:50  Sentry x2  
  89  18:51  Sentry x2  
  89  18:52  Sentry x2  
  89  18:53  Sentry  
  103  19:02  Immortal  
  103  19:08  Immortal  
  107  19:15  Protoss Ground Weapons Level 2  
  111  19:17  Protoss Ground Armor Level 2  
  111  19:18  Stalker  
  111  19:19  Stalker x2  
  111  19:20  Stalker  
  111  19:21  Stalker x2  
  123  19:42  Stalker  
  123  19:43  Stalker x2  
  123  19:45  Stalker  
  46  21:40  Stalker x2  
  46  21:41  Stalker x2  
  46  21:42  Stalker x2  
  58  21:52  Probe  
  70  22:00  Probe  
  67  22:05  Observer  
  67  22:06  Observer  
  45  22:10  Probe  
  36  22:22  Probe  
  37  22:29  Stalker  
  39  22:30  Stalker x2  
  39  22:31  Stalker x2  
  39  22:32  Stalker  
  39  22:34  Probe  
  44  22:56  Stalker  
  44  22:57  Stalker x2  
  44  22:58  Stalker x2  
  48  22:59  Stalker x2  
  48  23:14  Colossus  
  48  23:15  Colossus  
  60  23:22  Probe  
  60  23:24  Assimilator  
  60  23:25  Assimilator  
  61  23:30  Probe  
  62  24:08  Colossus x2  
  74  24:10  Nexus  
  74  24:13  Pylon  
  74  24:27  Probe  
  75  24:39  Stalker x2, Probe  
  78  24:51  Probe  
  61  25:02  Colossus  
  61  25:03  Stalker  
  61  25:04  Stalker x2  
  55  25:57  Stalker x2  
  55  25:58  Stalker  
  55  25:59  Stalker x2  
  55  26:00  Stalker  
  57  26:07  Probe  
  56  26:15  Probe  
  56  26:24  Probe  
Show
View Real Time Build Order
Export as new Build Order

Smileblind Protoss - Winner!

Build Orders:  

Get SALT Encoding   

  12  0:05  Probe  
  13  0:19  Probe  
  13  0:20  Pylon  
  14  0:31  Probe  
  15  0:43  Probe  
  15  0:44  Forge  
  16  0:55  Probe  
  17  1:01  Assimilator  
  17  1:16  Pylon  
  16  1:25  Pylon  
  16  1:37  Pylon  
  15  2:02  Probe  
  16  2:14  Gateway, Probe  
  17  2:17  Photon Cannon  
  17  2:26  Probe, Pylon  
  18  2:36  Nexus  
  18  2:38  Probe  
  19  2:44  Assimilator  
  19  2:50  Probe  
  20  2:58  Photon Cannon  
  20  3:02  Probe  
  21  3:09  Photon Cannon  
  21  3:14  Probe  
  21  3:17  Cybernetics Core  
  22  3:21  Zealot  
  24  3:37  Pylon  
  24  3:38  Assimilator, Probe  
  25  3:50  Gateway  
  25  3:51  Probe x2  
  27  3:59  Probe  
  27  4:07  Probe  
  28  4:10  Shield Battery  
  29  4:19  Probe  
  29  4:21  Pylon  
  30  4:27  Warp Gate  
  30  4:29  Stalker  
  30  4:31  Probe  
  33  4:42  Photon Cannon  
  33  4:43  Sentry  
  35  4:55  Photon Cannon  
  35  4:56  Probe  
  35  4:59  Shield Battery  
  35  5:04  Probe  
  35  5:06  Adept  
  39  5:14  Probe  
  39  5:18  Robotics Facility  
  40  5:26  Probe  
  41  5:31  Gateway  
  41  5:33  Adept  
  41  5:38  Probe  
  41  5:40  Pylon  
  44  6:06  Photon Cannon  
  44  6:10  Photon Cannon  
  44  6:16  Immortal  
  44  6:17  Stalker  
  44  6:18  Stalker  
  48  6:48  Shield Battery  
  48  6:55  Immortal  
  48  6:58  Probe  
  52  7:02  Twilight Council  
  52  7:06  Probe  
  54  7:16  Probe  
  51  7:25  Probe  
  52  7:31  Immortal, Charge  
  52  7:33  Probe  
  52  7:36  Assimilator  
  56  7:41  Assimilator  
  56  7:42  Probe  
  58  7:54  Probe  
  59  8:01  Dark Shrine  
  59  8:05  Probe  
  59  8:12  Immortal  
  60  8:13  Probe  
  65  8:21  Probe  
  66  8:32  Stargate  
  66  8:33  Probe  
  67  8:36  Pylon  
  67  8:38  Zealot  
  69  8:45  Probe  
  69  8:46  Pylon  
  70  8:50  Pylon  
  70  8:55  Photon Cannon, Protoss Air Weapons Level 1  
  70  8:56  Immortal  
  70  8:57  Protoss Ground Weapons Level 1  
  70  9:00  Shield Battery  
  74  9:14  Photon Cannon  
  74  9:18  Pylon  
  74  9:19  Void Ray  
  78  9:36  Stalker  
  80  9:45  Dark Templar x2  
  82  9:49  Immortal  
  88  10:07  Void Ray  
  91  10:22  Zealot  
  91  10:23  Zealot x2  
  87  10:56  Dark Templar  
  87  10:57  Dark Templar x2  
  87  11:03  Observer  
  90  11:17  Probe  
  91  11:24  Immortal  
  95  11:29  Void Ray  
  99  11:33  Protoss Ground Weapons Level 2  
  99  11:35  Nexus  
  99  11:39  Pylon  
  99  11:41  Pylon  
  99  11:44  Pylon  
  99  11:47  Photon Cannon  
  99  12:02  Gateway  
  99  12:03  Gateway, Zealot x3  
  99  12:04  Immortal  
  99  12:06  Gateway  
  99  12:07  Gateway  
  109  12:12  Void Ray  
  113  12:21  Pylon  
  113  12:25  Photon Cannon  
  113  12:26  Photon Cannon  
  113  12:28  Dark Templar x3  
  115  12:50  Probe  
  111  12:58  Probe  
  111  13:03  Photon Cannon  
  111  13:05  Photon Cannon  
  111  13:08  Probe  
  112  13:12  Photon Cannon  
  112  13:14  Photon Cannon  
  112  13:19  Probe  
  112  13:23  Shield Battery  
  112  13:26  Shield Battery  
  113  13:27  Probe  
  113  13:31  Shield Battery  
  114  13:35  Probe  
  114  13:40  Stalker  
  117  13:41  Stalker x2  
  117  13:45  Sentry  
  117  13:46  Probe, Sentry  
  117  13:47  Sentry  
  128  13:57  Dark Templar  
  130  14:06  Dark Templar  
  128  14:41  Probe  
  127  14:47  Immortal  
  127  14:52  Probe  
  131  14:53  Void Ray  
  136  15:00  Probe  
  137  15:08  Probe  
  137  15:12  Photon Cannon  
  138  15:15  Assimilator  
  138  15:20  Assimilator, Probe  
  139  15:26  Immortal  
  143  15:28  Pylon  
  143  15:32  Probe, Zealot  
  146  15:39  Shield Battery  
  146  15:40  Shield Battery  
  146  15:46  Void Ray  
  146  15:47  Pylon  
  150  15:55  Sentry x3  
  156  16:05  Immortal  
  160  16:16  Pylon  
  160  16:19  Pylon  
  160  16:23  Pylon x2  
  160  16:24  Shield Battery  
  160  16:26  Stalker x2, Shield Battery  
  160  16:44  Immortal  
  67  17:24  Dark Templar x4  
  67  17:25  Dark Templar x3  
  81  17:34  Immortal  
  71  17:58  Pylon  
  71  18:00  Shield Battery  
  71  18:01  Stalker x3  
  71  18:02  Stalker  
  79  18:07  Probe  
  80  18:13  Immortal  
  80  18:19  Probe  
  85  18:24  Zealot  
  85  18:25  Zealot  
  89  18:30  Shield Battery  
  89  18:35  Shield Battery  
  89  19:02  Nexus  
  89  19:08  Zealot  
  91  19:22  Probe  
  91  19:23  Gateway  
  91  19:30  Probe  
  92  19:34  Zealot  
  95  19:40  Probe  
  80  20:13  Zealot x3  
  80  20:14  Zealot x2  
  78  20:15  Zealot x2  
  72  20:25  Dark Templar  
  70  20:41  Dark Templar x2  
  68  20:46  Zealot  
  70  20:55  Dark Templar  
  72  20:58  Dark Templar  
  72  20:59  Dark Templar  
  70  21:07  Zealot  
  64  21:11  Zealot  
  62  21:24  Probe  
  62  21:32  Probe  
  64  21:41  Probe  
  65  21:50  Zealot x3  
  65  21:53  Probe  
  72  22:06  Probe  
  73  22:17  Zealot x3  
  73  22:18  Zealot x2  
  61  23:10  Zealot x4  
  61  23:11  Zealot x2  
  69  23:16  Probe  
  70  23:24  Probe  
  70  23:31  Stalker x2  
  70  23:32  Stalker  
  70  23:33  Probe  
  77  23:36  Zealot  
  80  23:45  Probe  
  80  23:47  Sentry x2  
  85  23:58  Probe, Zealot x3  
  85  23:59  Zealot  
  94  24:11  Zealot x2  
  98  24:21  Stalker x3  
  104  24:31  Zealot  
  70  25:07  Zealot  
  70  25:08  Zealot x2  
  70  25:09  Zealot x3  
  64  25:32  Zealot x2  
  64  25:33  Zealot x4  
  66  26:08  Zealot  
  66  26:09  Zealot x3  
  66  26:10  Zealot x2  
  66  26:40  Zealot x5  
  66  26:41  Zealot  
Tags
 
Matchup
PvP
Spawn Locations
Cross Positions
Add a new tag
Caveats
  • Supply blocks, unpowered buildings, or Contaminate may cause inaccurate times.
  • Supply counts are checked every 10 seconds.